 Dungeon Crawl Stone Soup version 0.25.1-1-g288607f5aa (webtiles) character file.

Game seed: 5434633080840188876

9 Atelerd the Conjurer (level 2, -7/17 HPs)
             Began as an Octopode Conjurer on July 27, 2020.
             Mangled by an ogre
             ... wielding a +0 giant spiked club
              (11 damage)
             ... on level 2 of the Dungeon.
             The game lasted 00:00:42 (567 turns).

Atelerd the Conjurer (Octopode Conjurer)             Turns: 567, Time: 00:00:43

Health: -7/17      AC:  1    Str:  7    XL:     2   Next: 16%
Magic:  5/5        EV: 13    Int: 17    God:
Gold:   14         SH:  0    Dex: 12    Spells: 4/5 levels left

rFire    . . .     SeeInvis .   d - +2 spear (freeze)
rCold    . . .     Gourm    .   (no shield)
rNeg     . . .     Faith    .   (helmet restricted)
rPois    .         Spirit   .   (no amulet)
rElec    .         Reflect  .   (no ring)
rCorr    .         Harm     .   (no ring)
MR       .....                  (no ring)
Stlth    +++.......             (no ring)
HPRegen  0.05/turn              (no ring)
MPRegen  0.09/turn              (no ring)
                                (no ring)
                                (no ring)

@: no status effects
A: almost no armour, stealthy swim, amphibious, 8 rings, constrict 8, camouflage
1, gelatinous body 1
a: no special abilities


You were on level 2 of the Dungeon.
You were not hungry.

You visited 1 branch of the dungeon, and saw 2 of its levels.

You collected 14 gold pieces.

Inventory:

Hand Weapons
 d - a +2 spear of freezing (weapon)
Potions
 c - a potion of curing {unknown}
Comestibles
 a - 3 chunks of flesh
 b - 3 rations


   Skills:
 - Level 2.0 Dodging
 + Level 3.4 Stealth
 + Level 2.3 Spellcasting
 - Level 4.0 Conjurations


You had 4 spell levels left.
You knew the following spells:

 Your Spells              Type           Power        Failure   Level  Hunger
a - Magic Dart            Conj           ###.         3%          1    #......

Your spell library contained the following spells:

 Spells                   Type           Power        Failure   Level  Hunger
 Searing Ray              Conj           ###...       5%          2    ##.....
 Dazzling Flash           Conj/Hex       #.....       24%         3    ###....
 Fulminant Prism          Conj/Hex       #.........   63%         4    #####..
 Iskenderun's Mystic Bla  Conj/Tloc      #.......     63%         4    #####..


Dungeon Overview and Level Annotations

Branches:
Dungeon (1/15)

Altars:


Innate Abilities, Weirdness & Mutations

You cannot wear most types of armour.
You are very stealthy in the water. (Stealth+)
You are amphibious.
You can wear up to eight rings at the same time.
You can use your tentacles to constrict eight enemies at once.
Your skin changes colour to match your surroundings (Stealth+).
Your rubbery body absorbs attacks. (AC +1, EV +1)


Message History

You hit the ogre. You freeze the ogre.
The ogre is moderately wounded.
You hit the ogre but do no damage.
The ogre is moderately wounded.
The ogre hits you with a +0 giant spiked club!
Ouch! That really hurt!
* * * LOW HITPOINT WARNING * * *
Things that are here:
a +0 short sword; a kobold corpse You hit the ogre.
You freeze the ogre.
The ogre is heavily wounded.
The ogre closely misses you.
You hit the ogre. You freeze the ogre. You squeeze the ogre!
The ogre is almost dead.
The ogre closely misses you.
You hit the ogre. You freeze the ogre.
The ogre is almost dead.
The ogre hits you with a +0 giant spiked club!
Ouch! That really hurt!
You die...

#### ...## #..#
#.##### #.)...#
###..>##
...####....#####
.............O@#
...####...######
#....# #....#
####... ###. #


You could see an ogre.

Vanquished Creatures
  A giant cockroach (D:1)
  A goblin (D:1)
  3 hobgoblins (D:1)
  A bat (D:1)
  2 kobolds
8 creatures vanquished.

Notes
Turn   | Place    | Note
-------+----------+-------------------------------------------
     0 | D:1      | Atelerd the Octopode Conjurer began the quest for the Orb.
     0 | D:1      | Reached XP level 1. HP: 11/11 MP: 3/3
   525 | D:1      | Reached XP level 2. HP: 17/17 MP: 5/5
   544 | D:1      | You fall into a shaft and drop 1 floor!
   545 | D:2      | Noticed an ogre
   567 | D:2      | Mangled by an ogre

Illustrated notes

Levels and vault maps discovered:
D:1:      co_arrival_two_rings, layout_basic
D:2:      layout_rooms, kiku_gazebo_garden_becter, first_ration,
          chequers_arboretum, ebering_dispersal_statue_hall, item_on_display_a

Skill      XL: |  1 |
---------------+----+-----
Stealth        | 3 |  3.4
Dodging        | |  2.0
Spellcasting   | |  2.3
Conjurations   | |  4.0

Action                   || total
-------------------------++-------
Melee: Unarmed           ||     5
       Spear             ||    15
       Constrict         ||     4
       Tentacles         ||     4
 Cast: Magic Dart        ||     4
 Stab: Sleeping          ||     4
Armor: Skin              ||     1
Dodge: Dodged            ||     7
